AoeStats
← RedPhosphoru

Hideout

509711699Analyzed
1v1 RM · 4d ago on Sep 27, 2026· 47m 11s· 2 players
Game mode
Random Map
Map size
Tiny (2 player)
Population
200
Speed
Normal
Resources
Standard
Victory
Conquest
Starting age
Dark Age
Ending age
Imperial Age
RankedLock teamsTeams togetherTeam positionsShared explorationLock speedFull tech treeHidden civsTurbo modeCheats
Victory
Defeat
🇵🇱 Spanish · Poland
2393
+16
🇺🇸 Poles · United States
2397
-16
Dobbs351
10:15 Loom
12:00 Feudal Age
10:21 Loom
13:53 Feudal Age
17:48 Castle Age
16:03 Double-Bit Axe
15:58 Horse Collar
17:46 Gold Mining
19:07 Bow Saw
27:31 Scale Barding Armor
28:07 Wheelbarrow
29:01 Bloodlines
30:44 Husbandry
31:18 Forging
32:49 Iron Casting
36:05 Imperial Age
34:23 Hand Cart
33:54 Town Watch
34:10 Heavy Plow
34:49 Chain Barding Armor
35:49 Stone Mining
36:13 Capped Ram
37:34 Plate Barding Armor
36:19 Cavalier
37:11 Guilds
37:05 Siege Ram
38:56 Chemistry
38:26 Paladin
40:52 Blast Furnace
40:56 Squires
44:50 Two-Man Saw
RedPhosphoru
8:53 Feudal Age
9:25 Double-Bit Axe
12:06 Loom
13:51 Horse Collar
19:23 Castle Age
18:15 Scale Barding Armor
19:46 Bloodlines
19:48 Forging
20:30 Husbandry
20:06 Light Cavalry
21:12 Heavy Plow
21:28 Bow Saw
26:13 Wheelbarrow
27:29 Town Watch
29:50 Hand Cart
29:44 Gold Mining
31:36 Fortified Wall
31:28 Treadmill Crane
33:38 Iron Casting
35:53 Imperial Age
35:51 Fletching
36:22 Chain Barding Armor
36:39 Ballistics
36:30 Masonry
36:17 Murder Holes
36:16 Winged Hussar
37:04 Town Patrol
38:14 Blast Furnace
40:25 Chemistry
39:24 Murder Holes
40:29 Scale Mail Armor
40:20 Fletching
40:31 Padded Archer Armor
41:45 Crop Rotation
42:55 Lechitic Legacy
42:02 Elite Obuch
45:09 Bodkin Arrow
Connection lost

Rejoining the realm…

Still unreachable

The connection could not be restored.

Session expired

The server has moved on; the page needs a fresh start.